[Event "RUS-chT Premier 2019"]
[Site "Sochi"]
[Date "2019.05.04"]
[Round "4.30"]
[White "Gordievsky, Dmitry"]
[Black "Ionov, Sergey"]
[Result "1/2-1/2"]
[ECO "D37"]
[WhiteElo "2585"]
[BlackElo "2530"]
[Annotator "ChessBase"]
[PlyCount "98"]
[EventDate "2019.04.30"]
[EventType "team-tourn"]
[EventCountry "RUS"]
[SourceTitle "playchess.com"]
[Source "ChessBase"]
[SourceQuality "1"]
[TimeControl "40/5400+30:1800+30"]

1. Nf3 d5 2. d4 Nf6 3. c4 e6 4. Nc3 Be7 5. Bf4 O-O 6. a3 b6 7. Qc2 c5 8. Rd1 Bb7 9. cxd5 exd5 10. e3 Nbd7 11. Bd3 a6 12. O-O Re8 13. Bg3 c4 14. Bf5 g6 15. Bh3 Nh5 16. Bh4 Bxh4 17. Nxh4 Qxh4 18. Bxd7 Red8 19. g3 Qe7 20. Bh3 b5 21. Bg2 f5 22. Rfe1 Nf6 23. f3 Re8 24. h3 Qd7 25. g4 fxg4 26. fxg4 a5 27. Rf1 Ra6 28. g5 Nh5 29. Qf2 Raa8 30. Qf3 Rad8 31. Rde1 Bc6 32. Ne2 b4 33. axb4 axb4 34. h4 Qe7 35. Nf4 Nxf4 36. Qxf4 Rf8 37. Qe5 Qxe5 38. dxe5 Rfe8 39. Rf6 Ba8 40. Ra1 Rxe5 41. Ra7 c3 42. bxc3 bxc3 43. Rff7 Rxe3 44. Rg7+ Kf8 45. Rxh7 Kg8 46. Rag7+ Kf8 47. Rc7 Kg8 48. Rhg7+ Kh8 49. Rh7+ Kg8 1/2-1/2

[Event "RUS-chT Premier 2019"]
[Site "Sochi"]
[Date "2019.05.05"]
[Round "5.3"]
[White "Kobalia, Mikhail"]
[Black "Pershin, Denis"]
[Result "1-0"]
[ECO "D45"]
[WhiteElo "2610"]
[BlackElo "2409"]
[Annotator "RC"]
[PlyCount "77"]
[EventDate "2019.05.01"]
[EventType "team-tourn"]
[EventCountry "RUS"]
[SourceTitle "playchess.com"]
[Source "ChessBase"]
[SourceQuality "1"]
[TimeControl "40/5400+30:1800+30"]

1. Nf3 d5 2. d4 Nf6 3. c4 c6 4. Nc3 e6 5. e3 Nbd7 6. Qc2 Bd6 7. Bd3 O-O 8. O-O dxc4 9. Bxc4 b5 10. Bd3 Bb7 11. a3 a5 12. Rd1 Qc7 13. e4 e5 14. h3 Rfe8 15. Bg5 h6 16. Bxf6 Nxf6 17. Rac1 exd4 18. Nxb5 cxb5 19. Qxc7 Bxc7 20. Rxc7 Bxe4 21. Bxb5 Bxf3 22. gxf3 Red8 23. Bc4 Kh7 24. Rxf7 Rac8 25. Bd3+ Kg8 26. Ra7 Rc5 27. Re1 Nh5 28. Re4 Rc1+ 29. Kh2 Rd1 30. Bc4+ Kh8 31. Re5 Nf6 32. Rexa5 Kh7 33. Be6 h5 34. Rg5 d3 35. Rgxg7+ Kh6 36. Bf5 Rg8 37. Rxg8 Nxg8 38. f4 Nf6 39. Rf7 1-0

[Event "RUS-chT Premier 2019"]
[Site "Sochi"]
[Date "2019.05.05"]
[Round "5.7"]
[White "Iljiushenok, Ilia"]
[Black "Schekachikhin, Maksim"]
[Result "1/2-1/2"]
[ECO "C18"]
[WhiteElo "2534"]
[BlackElo "2424"]
[Annotator "ChessBase"]
[PlyCount "33"]
[EventDate "2019.05.01"]
[EventType "team-tourn"]
[EventCountry "RUS"]
[SourceTitle "playchess.com"]
[Source "ChessBase"]
[SourceQuality "1"]
[TimeControl "40/5400+30:1800+30"]

1. e4 e6 2. d4 d5 3. Nc3 Bb4 4. e5 Ne7 5. a3 Bxc3+ 6. bxc3 c5 7. Qg4 cxd4 8. Qxg7 Rg8 9. Qxh7 Qc7 10. Rb1 Qxe5+ 11. Ne2 dxc3 12. h4 Nbc6 13. Bf4 Qf6 14. Bg5 Qe5 15. Bf4 Qf6 16. Bg5 Qe5 17. Bf4 1/2-1/2

[Event "RUS-chT Premier 2019"]
[Site "Sochi"]
[Date "2019.05.05"]
[Round "5.8"]
[White "Duzhakov, Ilya"]
[Black "Nozdrachev, Vladislav"]
[Result "1/2-1/2"]
[ECO "D41"]
[WhiteElo "2388"]
[BlackElo "2489"]
[Annotator "ChessBase"]
[PlyCount "66"]
[EventDate "2019.05.01"]
[EventType "team-tourn"]
[EventCountry "RUS"]
[SourceTitle "playchess.com"]
[Source "ChessBase"]
[SourceQuality "1"]
[TimeControl "40/5400+30:1800+30"]

1. d4 Nf6 2. c4 e6 3. Nf3 d5 4. Nc3 c5 5. cxd5 Nxd5 6. e4 Nxc3 7. bxc3 cxd4 8. cxd4 Bb4+ 9. Bd2 Bxd2+ 10. Qxd2 O-O 11. Bd3 Nc6 12. e5 b6 13. O-O Bb7 14. Rad1 Ne7 15. Bb1 Qd5 16. Rfe1 Rfd8 17. Qg5 Rd7 18. Qg4 h6 19. Nd2 h5 20. Qg5 Qxd4 21. Qxh5 g6 22. Qg5 Rad8 23. h4 Qb4 24. a3 Qb2 25. Nc4 Rxd1 26. Nxb2 Rxe1+ 27. Kh2 Rd7 28. Bd3 Be4 29. Bb5 Bc6 30. Bd3 Be4 31. Bb5 Bc6 32. Bd3 Be4 33. Bb5 Bc6 1/2-1/2

[Event "RUS-chT Premier 2019"]
[Site "Sochi"]
[Date "2019.05.05"]
[Round "5.10"]
[White "Lintchevski, Daniil"]
[Black "Chernobay, Artem"]
[Result "1/2-1/2"]
[ECO "C67"]
[WhiteElo "2525"]
[BlackElo "2503"]
[Annotator "ChessBase"]
[PlyCount "84"]
[EventDate "2019.05.01"]
[EventType "team-tourn"]
[EventCountry "RUS"]
[SourceTitle "playchess.com"]
[Source "ChessBase"]
[SourceQuality "1"]
[TimeControl "40/5400+30:1800+30"]

1. e4 e5 2. Nf3 Nc6 3. Bb5 Nf6 4. O-O Nxe4 5. Re1 Nd6 6. Nxe5 Be7 7. Bf1 Nxe5 8. Rxe5 O-O 9. d4 Bf6 10. Re1 Re8 11. Rxe8+ Qxe8 12. Bf4 Nf5 13. c3 c6 14. Nd2 d5 15. Nf3 Nh4 16. Nxh4 Bxh4 17. Qd2 Bf5 18. Re1 Qd7 19. Bg5 Bxg5 20. Qxg5 f6 21. Qf4 Bg6 22. h4 h6 23. f3 Re8 24. Rxe8+ Qxe8 25. Kf2 Qd8 26. a3 a5 27. Be2 Kh7 28. g4 Kg8 29. h5 Bb1 30. c4 dxc4 31. Bxc4+ Kh8 32. Bf7 Bh7 33. Bg6 Bg8 34. Qe3 Qb6 35. Qc3 Qc7 36. Kg2 Qf4 37. Qxa5 Qxd4 38. Qc3 Qd1 39. Qe3 Qd6 40. b4 Qd5 41. Kf2 Qd6 42. Kg2 Qd5 1/2-1/2

[Event "RUS-chT Premier 2019"]
[Site "Sochi"]
[Date "2019.05.05"]
[Round "5.15"]
[White "Timofeev, Artyom"]
[Black "Esipenko, Andrey"]
[Result "1/2-1/2"]
[ECO "C48"]
[WhiteElo "2602"]
[BlackElo "2620"]
[Annotator "RC"]
[PlyCount "81"]
[EventDate "2019.05.01"]
[EventType "team-tourn"]
[EventCountry "RUS"]
[SourceTitle "playchess.com"]
[Source "ChessBase"]
[SourceQuality "1"]
[TimeControl "40/5400+30:1800+30"]

1. e4 e5 2. Nf3 Nc6 3. Nc3 Nf6 4. Bb5 Bd6 5. a3 O-O 6. O-O a6 7. Bc4 Bc5 8. d3 d6 9. h3 h6 10. Re1 Re8 11. Be3 Bxe3 12. Rxe3 Nd4 13. Nd5 Nxd5 14. Bxd5 c6 15. Ba2 Nxf3+ 16. Qxf3 Be6 17. Bxe6 Rxe6 18. Qe2 Qb6 19. c3 d5 20. exd5 cxd5 21. c4 d4 22. Rxe5 Rxe5 23. Qxe5 Qxb2 24. Re1 Qxa3 25. Qxd4 Qb4 26. Qa1 Rd8 27. Rb1 Qe7 28. d4 Qe4 29. Rd1 Qe2 30. Rc1 Qe7 31. Qb2 Qd7 32. d5 b5 33. cxb5 Qxb5 34. Qxb5 axb5 35. Rc5 b4 36. Rb5 b3 37. Rxb3 Rxd5 38. g3 h5 39. h4 g6 40. Kg2 Kg7 41. Ra3 1/2-1/2

[Event "RUS-chT Premier 2019"]
[Site "Sochi"]
[Date "2019.05.05"]
[Round "5.17"]
[White "Makhmutov, Rail"]
[Black "Antipov, Mikhail Al."]
[Result "1/2-1/2"]
[ECO "E32"]
[WhiteElo "2390"]
[BlackElo "2595"]
[Annotator "RC"]
[PlyCount "80"]
[EventDate "2019.05.01"]
[EventType "team-tourn"]
[EventCountry "RUS"]
[SourceTitle "playchess.com"]
[Source "ChessBase"]
[SourceQuality "1"]
[TimeControl "40/5400+30:1800+30"]

1. d4 Nf6 2. c4 e6 3. Nc3 Bb4 4. Qc2 O-O 5. Nf3 d5 6. a3 Be7 7. Bg5 h6 8. Bh4 b6 9. cxd5 exd5 10. e3 Bb7 11. Bd3 Re8 12. O-O Ne4 13. Bxe7 Qxe7 14. b4 a6 15. Qb3 Nd6 16. a4 c6 17. a5 b5 18. Rfe1 Nd7 19. e4 dxe4 20. Nxe4 Nxe4 21. Bxe4 Qf6 22. Bc2 Rad8 23. h3 Nf8 24. Re3 Rxe3 25. Qxe3 c5 26. bxc5 Bxf3 27. Qxf3 Qxf3 28. gxf3 Rxd4 29. Bf5 Rd8 30. c6 Ne6 31. Bxe6 fxe6 32. Rc1 Rc8 33. c7 b4 34. Rc6 b3 35. Rxa6 Rxc7 36. Rb6 Ra7 37. a6 b2 38. Kg2 Rxa6 39. Rxb2 Kf7 40. Rb4 Ra5 1/2-1/2

[Event "RUS-chT Premier 2019"]
[Site "Sochi"]
[Date "2019.05.05"]
[Round "5.18"]
[White "Kryakvin, Dmitry"]
[Black "Toropov, Pavel"]
[Result "1-0"]
[ECO "A11"]
[WhiteElo "2588"]
[BlackElo "2327"]
[Annotator "ChessBase"]
[PlyCount "113"]
[EventDate "2019.05.01"]
[EventType "team-tourn"]
[EventCountry "RUS"]
[SourceTitle "playchess.com"]
[Source "ChessBase"]
[SourceQuality "1"]
[TimeControl "40/5400+30:1800+30"]

1. c4 c6 2. Nf3 d5 3. e3 Nf6 4. Nc3 a6 5. d4 b5 6. b3 Bg4 7. Qd2 Nbd7 8. Ne5 Nxe5 9. dxe5 Nd7 10. cxd5 cxd5 11. Qxd5 e6 12. Qd4 Bh5 13. Be2 Bc5 14. Qf4 g5 15. Qg3 Bb4 16. e4 Rc8 17. Bd2 Nc5 18. Qe3 Bxe2 19. Kxe2 Bxc3 20. Bxc3 Nxe4 21. Qxe4 Rxc3 22. Rad1 Qc7 23. h4 g4 24. Rhe1 g3 25. Qa8+ Qc8 26. Qxc8+ Rxc8 27. Rc1 Rd8 28. fxg3 Rg8 29. Rc3 Rg4 30. Kf3 h5 31. Rec1 Rgd4 32. R1c2 R8d7 33. Rc8+ Ke7 34. R8c7 Rd3+ 35. Kf4 R3d4+ 36. Kg5 Rg4+ 37. Kxh5 Rxg3 38. Rxd7+ Kxd7 39. Kh6 Ke7 40. h5 a5 41. Rc7+ Kf8 42. Ra7 a4 43. bxa4 bxa4 44. Rxa4 Rxg2 45. Ra8+ Ke7 46. Ra7+ Kf8 47. a4 Re2 48. Ra5 Re4 49. Kh7 Rg4 50. h6 Re4 51. Kh8 Rg4 52. Ra8+ Ke7 53. a5 Rg6 54. h7 Rg1 55. a6 Ra1 56. a7 Ra2 57. Rb8 1-0

[Event "RUS-chT Premier 2019"]
[Site "Sochi"]
[Date "2019.05.05"]
[Round "5.22"]
[White "Najer, Evgeniy"]
[Black "Bocharov, Dmitry"]
[Result "1-0"]
[ECO "B94"]
[WhiteElo "2674"]
[BlackElo "2530"]
[Annotator "RC"]
[PlyCount "68"]
[EventDate "2019.05.01"]
[EventType "team-tourn"]
[EventCountry "RUS"]
[SourceTitle "playchess.com"]
[Source "ChessBase"]
[SourceQuality "1"]
[TimeControl "40/5400+30:1800+30"]

1. e4 c5 2. Nf3 d6 3. d4 cxd4 4. Nxd4 Nf6 5. Nc3 a6 6. Bg5 Nbd7 7. Bc4 Qb6 8. Qd2 Qxb2 9. O-O Qb4 10. Bb3 e6 11. Rad1 Be7 12. Bxe6 fxe6 13. Nxe6 Kf7 14. Nc7 Nb6 15. Rb1 Qc5 16. Nxa8 Nxa8 17. Bxf6 Bxf6 18. Nd5 Nc7 19. Nxf6 gxf6 20. Rb3 Rg8 21. Rc3 Qa5 22. f4 Be6 23. a4 b5 24. Rff3 bxa4 25. f5 Qb6+ 26. Qe3 Qxe3+ 27. Rfxe3 Nb5 28. fxe6+ Kxe6 29. Rc4 a3 30. Ra4 Ke5 31. Rxa6 Kd4 32. Rb3 Nc3 33. Rxd6+ Ke5 34. Ra6 Rh8 1-0

[Event "RUS-chT Premier 2019"]
[Site "Sochi"]
[Date "2019.05.05"]
[Round "5.23"]
[White "Kezin, Roman"]
[Black "Ponkratov, Pavel"]
[Result "0-1"]
[ECO "E04"]
[WhiteElo "2468"]
[BlackElo "2640"]
[Annotator "RC"]
[PlyCount "80"]
[EventDate "2019.05.01"]
[EventType "team-tourn"]
[EventCountry "RUS"]
[SourceTitle "playchess.com"]
[Source "ChessBase"]
[SourceQuality "1"]
[TimeControl "40/5400+30:1800+30"]

1. d4 Nf6 2. c4 e6 3. g3 d5 4. Nf3 dxc4 5. Bg2 Bb4+ 6. Bd2 c5 7. a3 Bxd2+ 8. Nbxd2 cxd4 9. Nxc4 Nc6 10. O-O O-O 11. Rc1 Rb8 12. Qd2 d3 13. exd3 Ne7 14. Nce5 Bd7 15. Rc2 Ba4 16. Rc5 Bc6 17. Rfc1 Qd6 18. b4 Rbd8 19. Nxc6 Nxc6 20. b5 Na5 21. Qb4 b6 22. Rc7 Qxd3 23. Rxa7 Qe2 24. h3 Nd5 25. Nd4 Nxb4 26. Nxe2 Nd3 27. Rcc7 g6 28. Ra6 Ne5 29. Rxb6 Rd1+ 30. Kh2 Rd2 31. Nc3 Rxf2 32. Kg1 Rb2 33. Ra6 Nac4 34. Rc5 Rd8 35. Ra4 Rd3 36. Rb4 Rc2 37. Rbxc4 Nxc4 38. Ne4 Rxa3 39. Bf1 Ra1 40. Rc8+ Kg7 0-1

[Event "RUS-chT Premier 2019"]
[Site "Sochi"]
[Date "2019.05.07"]
[Round "6.1"]
[White "Lobanov, Sergei"]
[Black "Motylev, Alexander"]
[Result "0-1"]
[ECO "B12"]
[WhiteElo "2513"]
[BlackElo "2650"]
[Annotator "ChessBase"]
[PlyCount "80"]
[EventDate "2019.05.01"]
[EventType "team-tourn"]
[EventCountry "RUS"]
[SourceTitle "playchess.com"]
[Source "ChessBase"]
[SourceQuality "1"]
[TimeControl "40/5400+30:1800+30"]

1. e4 c6 2. d4 d5 3. e5 c5 4. dxc5 e6 5. a3 Bxc5 6. b4 Bb6 7. Qg4 Ne7 8. Nf3 Ng6 9. Bd3 Nc6 10. O-O h5 11. Qg3 Nd4 12. Nxd4 Bxd4 13. Bxg6 Bxa1 14. Bd3 Kf8 15. Be3 h4 16. Bc5+ Kg8 17. Qf4 h3 18. g3 a5 19. b5 Bd7 20. c3 a4 21. b6 Rc8 22. Bd4 Qe8 23. Qd2 Bb5 24. Rc1 Bxd3 25. Qxd3 Qc6 26. Kf1 Qc4 27. Ke2 Qb3 28. Nd2 Qxa3 29. Kd1 Bb2 30. Rc2 Qa1+ 31. Ke2 a3 32. Qb5 Kh7 33. Qd3+ Kg8 34. Qb5 Kh7 35. Qd3+ g6 36. Nf3 Kg7 37. Ng5 Qb1 38. Qd2 Rh5 39. f4 Rxg5 40. fxg5 a2 0-1

[Event "RUS-chT Premier 2019"]
[Site "Sochi"]
[Date "2019.05.07"]
[Round "6.2"]
[White "Lysyj, Igor"]
[Black "Usmanov, Vasily"]
[Result "1/2-1/2"]
[ECO "E10"]
[WhiteElo "2642"]
[BlackElo "2437"]
[Annotator "ChessBase"]
[PlyCount "119"]
[EventDate "2019.05.01"]
[EventType "team-tourn"]
[EventCountry "RUS"]
[SourceTitle "playchess.com"]
[Source "ChessBase"]
[SourceQuality "1"]
[TimeControl "40/5400+30:1800+30"]

1. d4 Nf6 2. c4 e6 3. Nf3 a6 4. e3 d5 5. a3 c5 6. cxd5 exd5 7. dxc5 Bxc5 8. Be2 Nc6 9. b4 Ba7 10. Bb2 O-O 11. O-O Re8 12. b5 axb5 13. Bxb5 Bg4 14. Nbd2 Ne4 15. Nxe4 dxe4 16. Qxd8 Rexd8 17. Bxc6 bxc6 18. Ne5 Bd7 19. Rfc1 c5 20. Nxd7 Rxd7 21. g4 h5 22. gxh5 Rd5 23. Rc4 Rb8 24. Bc3 Rb3 25. h6 gxh6 26. Bf6 Rb6 27. Bh4 f5 28. Ra4 Rd7 29. Rc1 Kf7 30. Kg2 Rb2 31. Ra6 Bb6 32. Bg3 Rb3 33. a4 Ra7 34. Rxa7+ Bxa7 35. Bd6 Ra3 36. Rc4 Kg6 37. Kg3 Bb6 38. h3 Ra2 39. h4 Kh5 40. f3 Rd2 41. Bf4 exf3 42. Kxf3 Ra2 43. Rc1 Kg6 44. h5+ Kf7 45. Bxh6 Rh2 46. Bf4 Rxh5 47. Rd1 Ke7 48. Ke2 Rh8 49. Rb1 Ba5 50. Kd3 Kd7 51. Kc4 Kc6 52. Rg1 Re8 53. Rg6+ Kb7 54. Rd6 Bb6 55. Kb5 Ba7 56. Rd3 Bb8 57. Rd5 c4 58. Rc5 Ba7 59. Rc7+ Ka8 60. Rxc4 1/2-1/2

[Event "RUS-chT Premier 2019"]
[Site "Sochi"]
[Date "2019.05.07"]
[Round "6.3"]
[White "Pershin, Denis"]
[Black "Sarana, Alexey"]
[Result "0-1"]
[ECO "D35"]
[WhiteElo "2409"]
[BlackElo "2636"]
[Annotator "ChessBase"]
[PlyCount "86"]
[EventDate "2019.05.01"]
[EventType "team-tourn"]
[EventCountry "RUS"]
[SourceTitle "playchess.com"]
[Source "ChessBase"]
[SourceQuality "1"]
[TimeControl "40/5400+30:1800+30"]

1. d4 Nf6 2. c4 e6 3. Nc3 d5 4. cxd5 Nxd5 5. e4 Nxc3 6. bxc3 c5 7. Nf3 cxd4 8. cxd4 Bb4+ 9. Bd2 Bxd2+ 10. Qxd2 O-O 11. Bc4 Nd7 12. O-O b6 13. Rad1 Bb7 14. Rfe1 Rc8 15. Bb3 Re8 16. h3 h6 17. Qf4 Qf6 18. Qg4 Qe7 19. Qf4 Qb4 20. Re3 b5 21. Ne5 Nxe5 22. dxe5 Rc7 23. Rg3 Kh7 24. Rg4 a5 25. Rd3 a4 26. Bd1 Rg8 27. Kh2 Qc4 28. Rdg3 Qc1 29. Qf3 Qa1 30. h4 Qxe5 31. Rg5 f5 32. Qh5 Bxe4 33. Qg6+ Kh8 34. Rh5 Qf4 35. Qxe6 Rc6 36. Qf7 Rf6 37. Qa7 Qb8 38. Qc5 Qd6 39. Qc1 Rd8 40. Be2 b4 41. Qg5 Qc7 42. f4 Rdd6 43. Bc4 Rg6 0-1

[Event "RUS-chT Premier 2019"]
[Site "Sochi"]
[Date "2019.05.07"]
[Round "6.4"]
[White "Oparin, Grigoriy"]
[Black "Shubin, Kirill"]
[Result "1/2-1/2"]
[ECO "E18"]
[WhiteElo "2624"]
[BlackElo "2404"]
[Annotator "ChessBase"]
[PlyCount "152"]
[EventDate "2019.05.01"]
[EventType "team-tourn"]
[EventCountry "RUS"]
[SourceTitle "playchess.com"]
[Source "ChessBase"]
[SourceQuality "1"]
[TimeControl "40/5400+30:1800+30"]

1. d4 e6 2. Nf3 Nf6 3. c4 b6 4. g3 Bb7 5. Bg2 Be7 6. O-O O-O 7. Nc3 Ne4 8. Bd2 Bf6 9. Be1 Nxc3 10. Bxc3 Be4 11. Qa4 d5 12. Ne5 Bxg2 13. Kxg2 dxc4 14. Qxc4 Qd5+ 15. Qxd5 exd5 16. Nd3 a5 17. Rac1 Na6 18. Rc2 Rfe8 19. e3 Be7 20. Nf4 Rad8 21. h4 h6 22. Bd2 c5 23. dxc5 Bxc5 24. Nd3 a4 25. Rb1 d4 26. Nxc5 Nxc5 27. exd4 Ne6 28. Be3 Rd5 29. Rbc1 f5 30. Rc8 Rxc8 31. Rxc8+ Kf7 32. Rb8 b5 33. h5 Ke7 34. Rb7+ Kd6 35. Rb6+ Ke7 36. Kf3 Kd7 37. Ke2 f4 38. gxf4 Rxh5 39. Kf3 Nc7 40. Ke4 Ne8 41. Rb7+ Kd6 42. f5 Kc6 43. Re7 Nd6+ 44. Kd3 Rxf5 45. Rxg7 h5 46. b3 axb3 47. axb3 Kd5 48. Re7 Nc8 49. Rc7 Nd6 50. Ke2 Ke6 51. Kf1 Ne4 52. Kg2 Rf8 53. Rh7 Rf5 54. Rb7 Nd6 55. Rc7 Ne4 56. f3 Nd6 57. f4 Ne4 58. Kf3 Ng5+ 59. Kg3 Ne4+ 60. Kh4 Nf6 61. Rc6+ Kd7 62. Rc5 Rxc5 63. dxc5 Nd5 64. Bd2 b4 65. Kxh5 Kc6 66. f5 Kxc5 67. Kh6 Kd4 68. Bxb4 Ke5 69. Kg6 Nxb4 70. f6 Nd5 71. f7 Nf4+ 72. Kg7 Ne6+ 73. Kg8 Kd5 74. f8=Q Nxf8 75. Kxf8 Kc5 76. b4+ Kxb4 1/2-1/2

[Event "RUS-chT Premier 2019"]
[Site "Sochi"]
[Date "2019.05.07"]
[Round "6.5"]
[White "Saveliev, Alexei"]
[Black "Predke, Alexandr"]
[Result "0-1"]
[ECO "C97"]
[WhiteElo "2367"]
[BlackElo "2626"]
[Annotator "ChessBase"]
[PlyCount "94"]
[EventDate "2019.05.01"]
[EventType "team-tourn"]
[EventCountry "RUS"]
[SourceTitle "playchess.com"]
[Source "ChessBase"]
[SourceQuality "1"]
[TimeControl "40/5400+30:1800+30"]

1. e4 e5 2. Nf3 Nc6 3. Bb5 a6 4. Ba4 Nf6 5. O-O Be7 6. Re1 b5 7. Bb3 d6 8. c3 O-O 9. h3 Na5 10. Bc2 c5 11. d4 Qc7 12. Nbd2 Bd7 13. Nf1 Nc4 14. b3 Nb6 15. Ne3 c4 16. Ba3 Rfe8 17. bxc4 Nxc4 18. Nxc4 bxc4 19. Rb1 Bf8 20. Qe2 Rab8 21. Rxb8 Rxb8 22. Rb1 Rb5 23. Bb4 exd4 24. Nxd4 Re5 25. Rd1 Re8 26. Nf3 a5 27. Ba3 Bf5 28. Rd4 Qb7 29. Nd2 d5 30. Ba4 Re6 31. Bxf8 Kxf8 32. e5 Qb2 33. Qe3 Qxa2 34. Rf4 Qxa4 35. Qc5+ Kg8 36. exf6 Bg6 37. Qxd5 gxf6 38. Rxc4 Qa3 39. Nf3 Kg7 40. h4 Rd6 41. Qb5 Rd1+ 42. Kh2 Qd6+ 43. g3 Qd3 44. Nd4 Qe4 45. f3 Qe1 46. Kh3 h5 47. Qb2 Qf1+ 0-1

[Event "RUS-chT Premier 2019"]
[Site "Sochi"]
[Date "2019.05.07"]
[Round "6.6"]
[White "Khismatullin, Denis"]
[Black "Askerov, Marat"]
[Result "1-0"]
[ECO "E32"]
[WhiteElo "2619"]
[BlackElo "2315"]
[Annotator "ChessBase"]
[PlyCount "77"]
[EventDate "2019.05.01"]
[EventType "team-tourn"]
[EventCountry "RUS"]
[SourceTitle "playchess.com"]
[Source "ChessBase"]
[SourceQuality "1"]
[TimeControl "40/5400+30:1800+30"]

1. d4 Nf6 2. c4 e6 3. Nc3 Bb4 4. Qc2 O-O 5. a3 Bxc3+ 6. Qxc3 d5 7. Nf3 dxc4 8. Qxc4 b6 9. h4 Ba6 10. Qa4 Qd7 11. Qc2 c5 12. dxc5 Rc8 13. Be3 bxc5 14. Bg5 Nd5 15. Rd1 Qe8 16. e4 Nb6 17. Rh3 c4 18. Rg3 N8d7 19. h5 e5 20. Nh4 Kh8 21. Nf5 f6 22. Be3 Qxh5 23. Nxg7 Qf7 24. Nf5 Rc6 25. Be2 Bb5 26. Rd6 Ba4 27. Qd2 Rxd6 28. Nxd6 Qe6 29. Bg4 Qe7 30. Bh5 c3 31. bxc3 Bb3 32. Bh6 Rg8 33. Nf5 Qxa3 34. Bg7+ Rxg7 35. Rxg7 Qa1+ 36. Ke2 Bc4+ 37. Kf3 Be6 38. Rxh7+ Kg8 39. Rh8+ 1-0

[Event "RUS-chT Premier 2019"]
[Site "Sochi"]
[Date "2019.05.07"]
[Round "6.7"]
[White "Vitiugov, Nikita"]
[Black "Sjugirov, Sanan"]
[Result "1/2-1/2"]
[ECO "A29"]
[WhiteElo "2734"]
[BlackElo "2661"]
[Annotator "RC"]
[PlyCount "87"]
[EventDate "2019.05.01"]
[EventType "team-tourn"]
[EventCountry "RUS"]
[SourceTitle "playchess.com"]
[Source "ChessBase"]
[SourceQuality "1"]
[TimeControl "40/5400+30:1800+30"]

1. c4 Nf6 2. Nc3 e5 3. Nf3 Nc6 4. g3 Nd4 5. Bg2 Nxf3+ 6. Bxf3 Bb4 7. Qb3 a5 8. O-O O-O 9. d3 Re8 10. Bg5 h6 11. Bxf6 Qxf6 12. Nd5 Qd6 13. e3 c6 14. Nb6 Rb8 15. Rad1 Qc7 16. Nxc8 Rbxc8 17. d4 Bf8 18. dxe5 Rxe5 19. Rd3 Re6 20. Rfd1 Rd6 21. Rxd6 Bxd6 22. Qd3 Be5 23. Qxd7 Bxb2 24. c5 Be5 25. Qf5 g6 26. Qh3 Rd8 27. Qxh6 Bf6 28. Be2 Rxd1+ 29. Bxd1 Qd7 30. Bc2 Qg4 31. h3 Qc4 32. Bb3 Qe4 33. Qf4 Qxf4 34. gxf4 Be7 35. a4 Bxc5 36. Bc4 Be7 37. Kg2 Bh4 38. Kf3 Kf8 39. e4 Be7 40. Kg4 Bc5 41. f3 f6 42. f5 g5 43. e5 Be7 44. f4 1/2-1/2

[Event "RUS-chT Premier 2019"]
[Site "Sochi"]
[Date "2019.05.07"]
[Round "6.10"]
[White "Romanov, Evgeny"]
[Black "Najer, Evgeniy"]
[Result "1/2-1/2"]
[ECO "A20"]
[WhiteElo "2573"]
[BlackElo "2674"]
[Annotator "ChessBase"]
[PlyCount "75"]
[EventDate "2019.05.01"]
[EventType "team-tourn"]
[EventCountry "RUS"]
[SourceTitle "playchess.com"]
[Source "ChessBase"]
[SourceQuality "1"]
[TimeControl "40/5400+30:1800+30"]

1. c4 e5 2. d3 Nf6 3. a3 d5 4. cxd5 Nxd5 5. Nf3 Bd6 6. g3 O-O 7. Bg2 c5 8. O-O Nc6 9. Nbd2 Kh8 10. Nc4 Rb8 11. b4 cxb4 12. Nxd6 Qxd6 13. axb4 a6 14. Ng5 Ndxb4 15. Qb3 Qe7 16. Bd2 f6 17. Bxb4 Nxb4 18. Nxh7 Rd8 19. Rfb1 Nc6 20. Bxc6 Be6 21. Nf8 Rxf8 22. Bd5 Bxd5 23. Qxd5 Rfd8 24. Qf3 Rd6 25. Rb4 Kg8 26. Rh4 Rbd8 27. Qf5 Rd4 28. Rh7 Qd7 29. Qh5 Kf8 30. Rc1 a5 31. Rc5 b6 32. Rc1 a4 33. Rh8+ Ke7 34. Qh7 Kf7 35. Qh5+ Ke7 36. Qh7 Kf7 37. Qh5+ Ke7 38. Qh7 1/2-1/2

[Event "RUS-chT Premier 2019"]
[Site "Sochi"]
[Date "2019.05.07"]
[Round "6.11"]
[White "Ponkratov, Pavel"]
[Black "Rozum, Ivan"]
[Result "1/2-1/2"]
[ECO "B12"]
[WhiteElo "2640"]
[BlackElo "2568"]
[Annotator "ChessBase"]
[PlyCount "101"]
[EventDate "2019.05.01"]
[EventType "team-tourn"]
[EventCountry "RUS"]
[SourceTitle "playchess.com"]
[Source "ChessBase"]
[SourceQuality "1"]
[TimeControl "40/5400+30:1800+30"]

1. e4 c6 2. d4 d5 3. e5 Bf5 4. Nf3 e6 5. Be2 Ne7 6. O-O c5 7. c3 Nec6 8. Be3 Nd7 9. Nbd2 Be7 10. dxc5 Bxc5 11. Bxc5 Nxc5 12. Nb3 Nd7 13. Nfd4 Ndxe5 14. Nxf5 exf5 15. Bf3 Ne7 16. Re1 Nxf3+ 17. Qxf3 O-O 18. Re5 Rc8 19. Rae1 Rc7 20. g3 g6 21. Rd1 Rd7 22. Nc5 Rc7 23. Nb3 Rd7 24. Nc5 Rc7 25. b4 b6 26. Na6 Rc4 27. Qe2 Re4 28. Rxe4 fxe4 29. c4 Qd7 30. cxd5 Nxd5 31. Qxe4 Qa4 32. Qxd5 Qxa6 33. Re1 Qa4 34. b5 a6 35. bxa6 Qxa6 36. Re7 Qa3 37. Rc7 Qb2 38. h4 Qb1+ 39. Kg2 Qf5 40. Qxf5 gxf5 41. h5 Ra8 42. h6 Kf8 43. Rc2 Ke7 44. Kf3 Kf6 45. Rc6+ Kg5 46. Rxb6 Rxa2 47. Rb7 Ra3+ 48. Kg2 Kg6 49. Rb6+ f6 50. Rc6 Kg5 51. Rc5 1/2-1/2

[Event "RUS-chT Premier 2019"]
[Site "Sochi"]
[Date "2019.05.07"]
[Round "6.12"]
[White "Sychev, Klementy"]
[Black "Alekseenko, Kirill"]
[Result "1/2-1/2"]
[ECO "E19"]
[WhiteElo "2574"]
[BlackElo "2636"]
[Annotator "ChessBase"]
[PlyCount "82"]
[EventDate "2019.05.01"]
[EventType "team-tourn"]
[EventCountry "RUS"]
[SourceTitle "playchess.com"]
[Source "ChessBase"]
[SourceQuality "1"]
[TimeControl "40/5400+30:1800+30"]

1. Nf3 Nf6 2. c4 e6 3. g3 a6 4. Bg2 b5 5. b3 Bb7 6. O-O g6 7. Na3 b4 8. Nc2 a5 9. Bb2 Na6 10. d3 Bg7 11. e4 d6 12. e5 Nd7 13. d4 a4 14. exd6 cxd6 15. Bc1 O-O 16. Bf4 e5 17. Bd2 Rb8 18. Rb1 axb3 19. axb3 Bxf3 20. Bxf3 exd4 21. Bc1 Ne5 22. Nxd4 Nxf3+ 23. Nxf3 Nc5 24. Qd5 Rb6 25. Rd1 Qa8 26. Be3 Ra6 27. Ng5 h6 28. Bxc5 dxc5 29. Nf3 Ra2 30. Ne5 Qxd5 31. Rxd5 Re8 32. Nd3 Bd4 33. Rf1 Rd2 34. Nxc5 Ree2 35. Kh1 Bxc5 36. Rxc5 Rb2 37. Rc8+ Kg7 38. c5 Rxb3 39. c6 Rc2 40. c7 Kf6 41. Kg1 Rbc3 1/2-1/2

[Event "RUS-chT Premier 2019"]
[Site "Sochi"]
[Date "2019.05.07"]
[Round "6.13"]
[White "Chigaev, Maksim"]
[Black "Bocharov, Ivan"]
[Result "1-0"]
[ECO "B13"]
[WhiteElo "2637"]
[BlackElo "2568"]
[Annotator "ChessBase"]
[PlyCount "89"]
[EventDate "2019.05.01"]
[EventType "team-tourn"]
[EventCountry "RUS"]
[SourceTitle "playchess.com"]
[Source "ChessBase"]
[SourceQuality "1"]
[TimeControl "40/5400+30:1800+30"]

1. e4 c6 2. d4 d5 3. exd5 cxd5 4. Bd3 Nc6 5. c3 Nf6 6. h3 g6 7. Bf4 Bf5 8. Be2 Bg7 9. Nf3 O-O 10. O-O Rc8 11. Nbd2 Ne4 12. Re1 Qb6 13. Qb3 Rfd8 14. Bf1 Nxd2 15. Nxd2 h6 16. a4 g5 17. Bh2 e6 18. Qb5 Bf8 19. Nb3 Bd6 20. Bxd6 Rxd6 21. Nc5 Rb8 22. Bd3 Ne7 23. Bxf5 Nxf5 24. Qe2 Qd8 25. Qe5 Nh4 26. a5 Ng6 27. Qe2 Rc6 28. Nd3 Ra6 29. Ne5 Nxe5 30. Qxe5 Rc8 31. f4 Qc7 32. fxg5 Qxe5 33. Rxe5 hxg5 34. Rxg5+ Kh8 35. Kh2 Rg8 36. Rxg8+ Kxg8 37. g4 f6 38. Kg3 Kf7 39. h4 Kg6 40. Kf4 b6 41. axb6 Rxb6 42. b4 Rc6 43. h5+ Kh6 44. Rxa7 Rxc3 45. Rf7 1-0